 Dungeon Crawl Stone Soup version 0.22-a0-305-gd21a89c538 (webtiles) character file.

11193 Manul the Fighter (level 11, -4/92 HPs)
             Began as a Demonspawn Gladiator on Mar 30, 2018.
             Was an Initiate of Gozag.
             Slain by an orc knight
             ... wielding a +0 great mace
              (22 damage)
             ... on level 9 of the Dungeon.
             The game lasted 00:09:51 (10972 turns).

Manul the Fighter (Demonspawn Gladiator)           Turns: 10972, Time: 00:09:52

Health: -4/92      AC: 14    Str: 16    XL:     11   Next: 46%
Magic:  3/3        EV: 18    Int: 16    God:    Gozag
Gold:   1178       SH:  0    Dex: 24    Spells: 10/10 levels left

rFire    . . .     SeeInvis +   w - +8 whip of Freehold {antimagic, Int+4 Dex+3}
rCold    + . .     Gourm    .   (no shield)
rNeg     . . .     Faith    .   A - +0 ring mail "Colikki" {rElec Dex+4 Stlth+}
rPois    .         Spirit   .   r - +2 hat {Int+3}
rElec    +         Reflect  .   (no cloak)
rCorr    .         Harm     .   (no gloves)
MR       .....                  k - +0 pair of boots
Stlth    ++++......             C - amulet of rage
HPRegen  0.25/turn              y - +2 ring of slaying
MPRegen  0.08/turn              E - ring of see invisible

@: no status effects
A: horns 1, thin metallic scales 3, cold resistance 1, spiny 2
a: Potion Petition, Call Merchant, Bribe Branch, Renounce Religion, Evoke
Berserk Rage


You were on level 9 of the Dungeon.
You worshipped Gozag.
Gozag was most pleased with you.
You were not hungry.

You visited 3 branches of the dungeon, and saw 12 of its levels.

You collected 1689 gold pieces.
You paid 511 gold pieces to Gozag.

Inventory:

Hand Weapons
 b - a +1 quarterstaff of protection
 g - a +5 spear
 w - the +8 whip of Freehold (weapon) {antimagic, Int+4 Dex+3}
   (You found it on level 4 of the Dungeon)

   It reduces the magical energy of the wielder, and disrupts the spells and
   magical abilities of those hit.
   Natural abilities and divine invocations are not affected.
   It affects your intelligence (+4).
   It affects your dexterity (+3).
Missiles
 d - 4 throwing nets (quivered)
Armour
 k - a +0 pair of boots (worn)
 r - a +2 hat of intelligence (worn)
 A - the +0 ring mail "Colikki" (worn) {rElec Dex+4 Stlth+}
   (You found it on level 5 of the Dungeon)

   It affects your dexterity (+4).
   It insulates you from electricity.
   It makes you more stealthy.
Jewellery
 y - a +2 ring of slaying (left hand)
 C - an amulet of rage (around neck)
 E - a ring of see invisible (right hand)
 L - an uncursed ring of fire
Wands
 a - a wand of polymorph (15)
 n - a wand of random effects (33)
 s - a wand of acid (7)
 G - a wand of scattershot (5)
 J - a wand of iceblast (18)
Scrolls
 c - a scroll of fog {unknown}
 h - a scroll of amnesia {unknown}
 i - a scroll of fear
 j - 3 scrolls of enchant weapon {unknown}
 m - 4 scrolls of remove curse
 q - a scroll of enchant armour
 u - a scroll of blinking {unknown}
 v - 8 scrolls of teleportation
 z - a scroll of immolation {unknown}
 B - a scroll of magic mapping
Potions
 e - 4 potions of might
 l - 4 potions of haste
 o - a potion of heal wounds
 t - a potion of berserk rage {unknown}
 x - 3 potions of ambrosia
 D - a potion of lignification
 F - 2 potions of curing
 H - a potion of invisibility {unknown}
 I - a potion of brilliance {unknown}
 K - a potion of agility
Comestibles
 f - 21 rations


   Skills:
 + Level 10.3 Fighting
 + Level 4.7(5.4) Polearms
 - Level 3.6(4.8) Staves
 + Level 1.8 Throwing
 + Level 9.3 Armour
 + Level 7.9 Dodging
 - Level 5.2 Stealth


You had 10 spell levels left.
You didn't know any spells.

Dungeon Overview and Level Annotations

Branches:
Dungeon (10/15)            Temple (1/1) D:4            Lair (0/6) D:8
    Orc (1/2) D:9

Altars:
Ashenzari
Elyvilon
Gozag
Hepliaklqana
Kikubaaqudgha
Nemelex Xobeh
Ru
Sif Muna
Trog
Uskayaw
Vehumet
Wu Jian
Yredelemnul
Beogh

Shops:
D:5 (=   D:10 *


Innate Abilities, Weirdness & Mutations

You have a pair of small horns on your head.
You are completely covered in thin metallic scales. (AC +4, rElec)
Your flesh is cold resistant. (rC+)
You are mostly covered in sharp spines.


Message History

The orc knight closely misses you.
You hit the orc knight.
The orc knight is severely wounded.
You hit the orc knight.
The orc knight is severely wounded.
The orc knight is struck by your spines.
The orc knight hits you with a great mace!
You hit the orc knight.
You headbutt the orc knight, but do no damage.
The orc knight is almost dead.
The orc knight is struck by your spines.
The orc knight hits you with a great mace!
* * * LOW HITPOINT WARNING * * *
You barely miss the orc knight.
You headbutt the orc knight, but do no damage.
The orc knight is almost dead.
The orc knight is struck by your spines.
The orc knight hits you with a great mace!!
You die...
Your body crumbles into a pile of gold.

##.##>#####......# #[########
#................# #.........
#..#......)...#..# #.####....
#..#..####.####..###.#####.##
#..#..##..........).........#
#..#..##.....##........###...
#..#.............###.#.# #...
#..#.##.).....######.#.###.#.
###....##.....@o####...#.##...#
#.....................##.#.....
#.......#.......####..##.#..)..
#.....#.#.......# #..##.#.....
#.....#.....[<..# #..##.##...#
#...#.....##)#### #o.##.......
#.........##.#######...####...#
#.........##)##.o.......# ##.##
#...#......#.#...###...## #.##


You could see an orc knight.

Vanquished Creatures
  Gastronok (D:8)
  2 two-headed ogres (D:10)
  An unseen horror (D:10)
  Pikel (D:8)
  Maurice (D:8)
  Psyche (D:8)
  Joseph (D:8)
  Prince Ribbit (D:8)
  A hippogriff (D:10)
  Eustachio (D:6)
  9 yaks
  A hungry ghost (D:7)
  A warg (D:9)
  2 water moccasins
  11 orc warriors
  A black bear (D:4)
  2 sky beasts (D:5)
  3 ice beasts
  A slave (D:8)
  7 ogres
  3 centaurs
  2 bullfrogs
  A gnoll sergeant (D:10)
  A wyvern zombie (D:10)
  2 wyvern skeletons
  3 scorpions
  An electric eel (D:10)
  A crimson imp (D:6)
  A centaur zombie (D:9)
  2 bullfrog zombies
  2 jellies
  A quasit (D:10)
  3 bullfrog skeletons
  2 centaur skeletons
  4 orc priests
  2 hounds
  5 iguanas
  5 orc wizards
  4 worker ants
  3 hound skeletons
  A worker ant zombie (D:5)
  11 gnolls
  6 adders
  An ooze (D:2)
  2 worms (D:4)
  A dart slug (D:1)
  3 leopard geckos
  29 orcs
  8 giant cockroaches
  6 goblins
  6 hobgoblins
  3 quokkas
  3 bats (D:3)
  A frilled lizard (D:2)
  4 kobolds
  A quokka skeleton (D:5)
  A quokka zombie (D:7)
  10 rats
194 creatures vanquished.

Notes
Turn   | Place    | Note
-------+----------+-------------------------------------------
     0 | D:1      | Manul the Demonspawn Gladiator began the quest for the Orb.
     0 | D:1      | Reached XP level 1. HP: 16/16 MP: 1/1
   293 | D:1      | Gained mutation: You are partially covered in thin metallic scales. (AC +2) [demonic ancestry]
   293 | D:1      | Reached XP level 2. HP: 21/22 MP: 2/2
   752 | D:2      | Reached XP level 3. HP: 27/27 MP: 3/3
  1376 | D:3      | Gained mutation: You are partially covered in sharp spines. [demonic ancestry]
  1376 | D:3      | Reached XP level 4. HP: 21/33 MP: 4/4
  1402 | D:3      | Reached skill level 1 in Armour
  2145 | D:4      | Noticed a black bear
  2153 | D:4      | Killed a black bear
  2153 | D:4      | Reached skill level 1 in Polearms
  2153 | D:4      | Reached skill level 1 in Stealth
  2153 | D:4      | Gained mutation: You are mostly covered in thin metallic scales. (AC +3) [demonic ancestry]
  2153 | D:4      | Reached XP level 5. HP: 12/39 MP: 5/5
  2757 | D:4      | Found a staircase to the Ecumenical Temple.
  2764 | Temple   | Entered the Ecumenical Temple
  2801 | Temple   | Became a worshipper of Gozag Ym Sagoz the Greedy
  2902 | D:4      | Got a jewelled whip
  2903 | D:4      | Identified the +8 whip of Freehold {antimagic, Int+4 Dex+3} (You found it on level 4 of the Dungeon)
  2908 | D:4      | Gained mutation: You have a pair of small horns on your head. [demonic ancestry]
  2908 | D:4      | Reached XP level 6. HP: 46/46 MP: 2/6
  3066 | D:5      | Entered Level 5 of the Dungeon
  3137 | D:5      | Reached skill level 3 in Fighting
  3316 | D:5      | Noticed an ice beast
  3323 | D:5      | Killed an ice beast
  3323 | D:5      | Gained mutation: Your flesh is cold resistant. (rC+) [demonic ancestry]
  3323 | D:5      | Reached XP level 7. HP: 52/52 MP: 2/7
  3362 | D:5      | Found a sacrificial altar of Ru.
  3581 | D:5      | Found an ornate altar of the Wu Jian Council.
  3605 | D:5      | Found Meg Ryiv's Antique Weapon Emporium.
  3662 | D:5      | Found an ancient bone altar of Kikubaaqudgha.
  3678 | D:5      | Gained mutation: You are mostly covered in sharp spines. [demonic ancestry]
  3678 | D:5      | Reached XP level 8. HP: 43/60 MP: 2/8
  3717 | D:5      | You fall through a shaft!
  3936 | D:5      | Found Yrraufad's Jewellery Emporium.
  4043 | D:5      | Got a bloodstained ring mail
  4054 | D:5      | Identified the cursed +0 ring mail "Colikki" {rElec Dex+4 Stlth+} (You found it on level 5 of the Dungeon)
  4624 | D:6      | Reached skill level 4 in Fighting
  5110 | D:6      | Noticed Eustachio
  5118 | D:6      | Killed Eustachio
  5330 | D:6      | Reached skill level 5 in Stealth
  5677 | D:7      | Reached skill level 5 in Fighting
  5840 | D:7      | Gained mutation: You are completely covered in thin metallic scales. (AC +4, rElec) [demonic ancestry]
  5840 | D:7      | Reached XP level 9. HP: 68/68 MP: 3/9
  6296 | D:8      | Reached skill level 5 in Armour
  6447 | D:8      | Noticed Joseph
  6468 | D:8      | Killed Joseph
  6468 | D:8      | Reached skill level 6 in Fighting
  6468 | D:8      | Reached skill level 5 in Dodging
  6801 | D:8      | Noticed Maurice
  6811 | D:8      | Killed Maurice
  6832 | D:8      | Noticed Prince Ribbit
  6842 | D:8      | Killed Prince Ribbit
  6842 | D:8      | Reached skill level 7 in Fighting
  7026 | D:8      | Noticed Gastronok
  7046 | D:8      | Killed Gastronok
  7046 | D:8      | Reached skill level 8 in Fighting
  7046 | D:8      | Reached XP level 10. HP: 45/80 MP: 3/10
  7357 | D:8      | Noticed Psyche
  7365 | D:8      | Killed Psyche
  7460 | D:8      | Noticed Pikel
  7479 | D:8      | Killed Pikel
  7561 | D:8      | Found a staircase to the Lair.
  7709 | D:8      | Found a sparkling altar of Nemelex Xobeh.
  7710 | D:8      | Found a shattered altar of Ashenzari.
  8025 | D:9      | Reached skill level 9 in Fighting
  8161 | D:9      | Found a roughly hewn altar of Beogh.
  8161 | D:9      | Found a staircase to the Orcish Mines.
  9073 | D:10     | Entered Level 10 of the Dungeon
  9104 | D:10     | Noticed a two-headed ogre
  9121 | D:10     | Killed a two-headed ogre
  9121 | D:10     | Reached XP level 11. HP: 60/90 MP: 3/11
  9769 | D:10     | Noticed an unseen horror
  9785 | D:10     | Killed an unseen horror
  9785 | D:10     | Reached skill level 10 in Fighting
  9914 | D:10     | Noticed a two-headed ogre
  9927 | D:10     | Killed a two-headed ogre
 10264 | Orc:1    | Entered Level 1 of the Orcish Mines
 10274 | Orc:1    | Noticed an orc knight
 10972 | D:9      | Slain by an orc knight

Vault maps used:
D:1:      minmay_arrival_checkered_box
D:3:      wad_pebble_path
D:4:      minmay_temple_entry_statues_pillars, first_ration, serial_glass,
          glass_columns_a, glass_columns_c
D:5:      nicolae_ru_awakened_eye, kiku_gazebo_garden_becter,
          overflow_temple_1_default, serial_bayou, serial_bayou_pond_d,
          serial_bayou_lagoon_a, serial_bayou_ford_a, serial_bayou_pond_d,
          serial_shops, nicolae_shop_statue_plus, shop
D:6:      due_unseen_surprise, uniq_eustachio
D:8:      gammafunk_temple_overflow_pools, lair_entry_dummy, grunt_ogre_cave,
          uniq_psyche, uniq_maurice, uniq_pikel, uniq_prince_ribbit1,
          uniq_gastronok, uniq_joseph
D:9:      david_orc_5, kennysheep_small_circle
D:10:     minivault_11, minmay_crystal_water
Temple:   minmay_crystal_spiral_temple
Orc:1:    elves_outpost_lemuel, uniq_josephine

Skill      XL: |  1  2  3  4  5  6  7  8  9 10 11 |
---------------+----------------------------------+-----
Dodging        | 3 4 5 7 |  7.9
Staves         | 3 |  3.6
Armour         | 1 2 3 4 7 8 9 |  9.3
Polearms       | 1 2 3 4 |  4.7
Stealth        | 1 2 5 |  5.2
Fighting       | 3 5 8 9 10 | 10.3
Throwing       | |  1.8

Action                   |  1- 3 |  4- 6 |  7- 9 | 10-12 || total
-------------------------+-------+-------+-------+-------++-------
Melee: Quarterstaff      |    83 |       |       |       ||    83
       Spear             |    26 |    57 |       |       ||    83
       Whip              |       |    20 |   187 |   257 ||   464
       Headbutt          |       |     5 |    59 |    87 ||   151
Throw: Throwing net      |       |       |       |     1 ||     1
Invok: Call Merchant     |       |       |       |     1 ||     1
  Use: Scroll            |     3 |       |     7 |     5 ||    15
 Stab: Sleeping          |     1 |     2 |    16 |     8 ||    27
       Distracted        |       |       |     1 |     4 ||     5
  Eat: Chunk             |     2 |     4 |       |       ||     6
       Ration            |       |       |     4 |     4 ||     8
Armor: Leather armour    |    24 |    19 |    14 |       ||    57
       Ring mail         |       |       |    11 |    68 ||    79
Dodge: Dodged            |    65 |    33 |    86 |   166 ||   350

Table legend:
 A = Spawn XP
 B = Non-spawn XP
 C = Spawn XP percentage of total XP
 D = Spawn monster count
 E = Non-spawn monster count
 F = Spawn count percentage of total count
 G = Total turns spent on level
                    A         B        C        D         E        F      G
               +---------+---------+-------+---------+---------+-------+---------
         Total |       0 |   15990 |   0.0 |       0 |     193 |   0.0 | 10972
               +---------+---------+-------+---------+---------+-------+---------
           D:1 |       0 |      24 |   0.0 |       0 |      13 |   0.0 |   415
           D:2 |       0 |      59 |   0.0 |       0 |      17 |   0.0 |   874
           D:3 |       0 |      50 |   0.0 |       0 |      19 |   0.0 |   856
           D:4 |       0 |     259 |   0.0 |       0 |       9 |   0.0 |   846
           D:5 |       0 |    1091 |   0.0 |       0 |      16 |   0.0 |  1512
           D:6 |       0 |     999 |   0.0 |       0 |      17 |   0.0 |   851
           D:7 |       0 |     469 |   0.0 |       0 |       9 |   0.0 |   857
           D:8 |       0 |    5279 |   0.0 |       0 |      20 |   0.0 |  2286
           D:9 |       0 |    2878 |   0.0 |       0 |      43 |   0.0 |  1218
          D:10 |       0 |    4679 |   0.0 |       0 |      25 |   0.0 |  1168
         Orc:1 |       0 |     203 |   0.0 |       0 |       5 |   0.0 |    14
               +---------+---------+-------+---------+---------+-------+---------
